 Dungeon Crawl Stone Soup version 0.18-b1-1-gfba2bb3 (webtiles) character file.

25 Minkie the Vexing (level 2, -12/19 HPs)
             Began as a Vampire Enchanter on Apr 27, 2016.
             Was an Initiate of Dithmenos.
             Killed by divine providence
             ... invoked by an orc priest
              (13 damage)
             ... on level 3 of the Dungeon.
             The game lasted 00:03:56 (793 turns).

Minkie the Vexing (Vampire Enchanter)                Turns: 793, Time: 00:03:56

Health: -12/19     AC:  3    Str:  7    XL:     2   Next: 86%
Magic:  1/5        EV: 12    Int: 17    God:    Dithmenos [......]
Gold:   39         SH:  0    Dex: 14    Spells: 2 memorised, 2 levels left

rFire  . . .     SeeInvis +     a - +1 dagger
rCold  . . .     Gourm    .     b - +1 robe
rNeg   + . .     Faith    .     (no shield)
rPois  .         Spirit   .     (no helmet)
rElec  .         Dismiss  .     (no cloak)
rCorr  .         Reflect  .     (no gloves)
SustAt .         Harm     .     (no boots)
MR     .....                    (no amulet)
Stlth  +++.......               (no ring)
                                (no ring)

@: very slightly contaminated, not resistant to hostile enchantments, fairly
stealthy
A: fangs 3, see invisible, unbreathing
a: Renounce Religion


You were on level 3 of the Dungeon.
You worshipped Dithmenos.
Dithmenos was noncommittal.
You were not thirsty.

You visited 1 branch of the dungeon, and saw 3 of its levels.

You collected 39 gold pieces.

Inventory:

Hand Weapons
 a - a +1 dagger (weapon)
Missiles
 f - 31 stones (quivered)
Armour
 b - a +1 robe (worn)
Scrolls
 g - a scroll of remove curse {unknown}
 h - 2 scrolls of teleportation {unknown}
 j - a scroll of amnesia {unknown}
Potions
 d - 2 potions of blood
 e - 2 potions of heal wounds {unknown}
 i - 2 potions of curing {unknown}
Books
 c - a book of Maledictions

   Spells                             Type                      Level
   a - Corona                         Hexes                        1
   b - Ensorcelled Hibernation        Hexes/Ice                    2
   c - Confuse                        Hexes                        3
   d - Tukima's Dance                 Hexes                        3
   e - Dazzling Spray                 Conjuration/Hexes            3


   Skills:
 * Level 2.2 Short Blades
 - Level 2.1 Dodging
 + Level 4.9 Stealth
 - Level 2.0 Spellcasting
 + Level 4.9 Hexes


You had 2 spell levels left.
You knew the following spells:

 Your Spells              Type           Power        Failure   Level  Hunger
a - Corona                Hex            ###....      2%          1    #......
b - Ensorcelled Hibernat  Hex/Ice        ##....       14%         2    ###....


Dungeon Overview and Level Annotations

Branches:
Dungeon (2/15)

Altars:
Dithmenos


Innate Abilities, Weirdness & Mutations

You have razor-sharp teeth.
You have supernaturally acute eyesight.
You can survive without breathing.


Message History

Confirm with . or Enter, or press ? or * to list all spells.
Aiming: Ensorcelled Hibernation
Press: ? - help, Shift-Dir - straight line, f/p - orc wizard
Aim: an orc wizard, wielding a dagger and wearing a robe (fast, chance to defeat MR: 41%)
You miscast Ensorcelled Hibernation.
Wisps of condensation drift from your hands.
The orc wizard casts a spell at you. The puff of frost misses you.
Casting: Ensorcelled Hibernation
Confirm with . or Enter, or press ? or * to list all spells.
You don't have enough magic to cast that spell.
Unknown command.
The orc wizard closely misses you.
Found a cyan potion.
The orc wizard casts a cantrip, but nothing happens.
The orc wizard miscasts a cantrip.
The orc priest invokes the aid of Beogh against you.
Beogh smites you!
Ouch! That really hurt!
You die...

#....#....# .o..... #.
#..o... .......
#..#.#...###)......
.##..#......#........
..............######.
.#...#..#.....#
...!..........#
##.###.o..)..##########
#@#.#...#.........
#......###...#...#
#.###.##..........
...###.##.#...#...#
....................
####################


You could see an orc priest and an orc wizard.

Vanquished Creatures
  An ooze (D:2)
  An orc (D:3)
  5 bats (D:1)
  2 giant cockroaches (D:1)
  2 goblins (D:1)
  4 kobolds
  2 giant newts (D:1)
  4 rats (D:1)
21 creatures vanquished.

Notes
Turn   | Place    | Note
--------------------------------------------------------------
     0 | D:1      | Minkie the Vampire Enchanter began the quest for the Orb.
     0 | D:1      | Reached XP level 1. HP: 13/13 MP: 3/3
   379 | D:1      | Reached XP level 2. HP: 19/19 MP: 5/5
   386 | D:1      | Learned a level 2 spell: Ensorcelled Hibernation
   724 | D:2      | You fall through a shaft!
   734 | D:3      | Found a shadowy altar of Dithmenos.
   742 | D:3      | Became a worshipper of Dithmenos the Shadowed
   793 | D:3      | Killed from afar by an orc priest

Skill      XL: |  1  2 |
---------------+-------+-----
Short Blades   | 2 |  2.2
Dodging        | |  2.1
Stealth        | |  4.9
Spellcasting   | |  2.0
Hexes          | |  4.9

Action                   || total
-------------------------++-------
Melee: Dagger            ||    52
       Bite              ||     5
 Cast: Ensorcelled Hiber ||     2
 Stab: Sleeping          ||     8
Armor: Robe              ||    13
Dodge: Dodged            ||    32
